Map: Beckett Industries LE

Players

TriGGeR - Winner!

  • Race: Protoss Protoss

MCanning

  • Race: Protoss Protoss

Event: DreamHack SC2 Masters 2021 Fall

VOD

Have the link to the VOD?

Description

Time

  • Played on: Aug. 5, 2021, 4:33 p.m.
  • Length: 8:00

All games in this series

Show
View Real Time Build Order
Export as new Build Order

TriGGeR Protoss - Winner!

Build Orders: Proxy Void Ray 

Get SALT Encoding   

  12  0:09  Pylon  
  13  0:14  Probe  
  13  0:29  Gateway  
  13  0:32  Probe (Chrono Boost)  
  14  0:41  Probe (Chrono Boost)  
  14  0:42  Assimilator  
  15  0:46  Probe (Chrono Boost)  
  16  0:52  Assimilator  
  16  0:58  Probe  
  17  1:10  Pylon  
  18  1:17  Cybernetics Core  
  17  1:20  Probe  
  18  1:29  Zealot  
  20  1:34  Probe  
  21  1:47  Probe  
  21  1:54  Stargate  
  22  1:57  Adept (Chrono Boost)  
  24  2:06  Shield Battery  
  24  2:15  Shield Battery  
  24  2:18  Probe  
  25  2:29  Shield Battery  
  25  2:31  Void Ray (Chrono Boost)  
  29  2:47  Shield Battery  
  29  2:54  Warp Gate  
  29  2:58  Probe  
  28  3:15  Pylon  
  28  3:27  Gateway  
  28  3:29  Void Ray (Chrono Boost), Probe  
  33  3:37  Shield Battery  
  33  3:53  Shield Battery  
  33  3:59  Void Ray (Chrono Boost)  
  37  4:21  Nexus  
  37  4:38  Pylon  
  37  4:44  Pylon  
  37  4:45  Stalker  
  39  4:49  Void Ray (Chrono Boost)  
  39  5:03  Stalker  
  39  5:10  Stalker  
  41  5:24  Probe  
  41  5:26  Void Ray (Chrono Boost), Stalker  
  44  5:34  Probe  
  49  5:36  Probe  
  49  5:40  Stalker  
  52  5:46  Probe  
  52  5:48  Probe  
  54  5:58  Probe  
  54  6:00  Probe  
  54  6:03  Shield Battery  
  54  6:04  Pylon  
  48  6:11  Adept x2  
  52  6:18  Assimilator  
  52  6:20  Oracle (Chrono Boost)  
  55  6:32  Probe  
  56  6:34  Gateway  
  56  6:36  Shield Battery  
  52  6:43  Gateway, Probe  
  53  6:56  Stalker  
  53  6:57  Stalker  
  57  7:04  Probe  
  57  7:05  Twilight Council  
  58  7:09  Probe  
  59  7:15  Shield Battery  
  59  7:21  Stalker  
  61  7:28  Pylon  
  61  7:29  Pylon  
  61  7:35  Pylon  
  61  7:42  Pylon  
  61  7:46  Shield Battery  
  61  7:54  Stalker  
Show
View Real Time Build Order
Export as new Build Order

MCanning Protoss 

Build Orders: Proxy Void Ray 

Get SALT Encoding   

  12  0:00  Probe  
  13  0:12  Probe  
  14  0:17  Pylon  
  14  0:24  Probe  
  15  0:36  Probe (Chrono Boost)  
  15  0:38  Gateway  
  16  0:47  Assimilator, Probe (Chrono Boost)  
  17  0:52  Probe (Chrono Boost)  
  17  0:56  Assimilator  
  18  1:03  Probe (Chrono Boost)  
  20  1:12  Probe (Chrono Boost)  
  20  1:13  Gateway  
  20  1:25  Cybernetics Core  
  20  1:28  Probe  
  21  1:37  Pylon  
  21  1:40  Probe  
  22  1:47  Pylon  
  22  1:52  Probe  
  23  2:03  Stalker x2  
  23  2:04  Probe  
  27  2:16  Pylon  
  27  2:23  Shield Battery  
  27  2:25  Stargate  
  27  2:37  Stalker  
  27  2:41  Probe  
  31  3:01  Void Ray (Chrono Boost)  
  30  3:06  Pylon  
  30  3:17  Shield Battery  
  31  3:23  Pylon  
  30  3:34  Shield Battery  
  30  3:37  Void Ray (Chrono Boost)  
  30  3:42  Probe  
  35  3:52  Shield Battery  
  35  3:55  Probe  
  36  4:03  Warp Gate  
  36  4:07  Pylon  
  36  4:12  Void Ray (Chrono Boost)  
  39  4:25  Probe  
  41  4:43  Shield Battery, Void Ray  
  40  5:12  Shield Battery  
  40  5:18  Void Ray (Chrono Boost), Probe  
  41  5:27  Pylon  
  45  5:40  Forge  
  45  5:48  Void Ray (Chrono Boost)  
  41  6:16  Adept  
  41  6:17  Photon Cannon, Stargate  
  43  6:24  Void Ray  
  44  7:04  Nexus  
  44  7:10  Probe  
  36  7:30  Stalker  
  36  7:35  Probe  
  42  7:47  Probe  

Tags
 
Add a new tag
Caveats
  • Supply blocks, unpowered buildings, or Contaminate may cause inaccurate times.
  • Supply counts are checked every 10 seconds.